 Dungeon Crawl Stone Soup version 0.32-a0-42-ga30500b4d3 (webtiles) character file.

Game seed: 1394933115302502985

13 CraigForest the Shield-Bearer (level 2, 0/24 HPs)
             Began as a Formicid Fighter on Jan 26, 2024.
             Slain by a kobold
             ... wielding a +0 dagger
              (2 damage)
             ... on level 1 of the Dungeon.
             The game lasted 00:01:56 (400 turns).

CraigForest the Shield-Bearer (Formicid Fighter)     Turns: 400, Time: 00:01:56

Health: 0/24       AC:  7    Str: 20    XL:     2   Next: 50%
Magic:  2/2        EV:  9    Int:  7    God:
Gold:   46         SH:  5    Dex: 13    Spells: 1/1 levels left

rFire   . . .        a - +0 long sword
rCold   . . .        c - +0 buckler
rNeg    . . .        b - +0 scale mail
rPois   .            (helmet unavailable)
rElec   .            (no cloak)
rCorr   .            (no gloves)
SInv    +            (no boots)
Will    .....        (no amulet) Stlth
                     (no ring)
HPRegen 0.24/turn    (no ring)
MPRegen 0.08/turn

%: no passive effects
@: no status effects
A: permanent stasis, dig shafts and tunnels, antennae 3, four strong arms
a: Dig, Shaft Self


You were on level 1 of the Dungeon.
You visited 1 branch of the dungeon, and saw 1 of its levels.

You collected 46 gold pieces.

Inventory:

Hand Weapons
 a - a +0 long sword (weapon)
Armour
 b - a +0 scale mail (worn)
 c - a +0 buckler (worn)
 h - a +0 leather armour of fire resistance
Potions
 d - a potion of might
 e - a potion of attraction
 g - a potion of enlightenment
 i - a potion of curing


   Skills:
 + Level 3.4 Fighting
 + Level 2.1 Long Blades
 + Level 3.7 Armour
 + Level 4.1 Shields


You had one spell level left.
You didn't know any spells.
Your spell library was empty.

Dungeon Overview and Level Annotations

Branches:
Dungeon (1/15)

Altars:

Shops:
D:1 !


Innate Abilities, Weirdness & Mutations

You cannot be hasted, slowed, berserked, paralysed or teleported.
You can dig through walls and to a lower floor.
You have a pair of large antennae on your head. (SInv)
Your four strong arms can wield two-handed weapons with a shield.


Message History

No target in view!
No target in view!
No target in view!
No target in view!
No target in view!
No target in view!
No target in view!
No target in view!
No target in view!
No target in view!
No target in view!
No target in view!
No target in view!
No target in view!
You enter the shallow water.
Moving in this stuff is going to be slow.
A kobold comes into view. It is wielding a +0 dagger.
The kobold shouts!
A kobold comes into view.
It is wielding a +1 short sword of electrocution.
A goblin comes into view. It is wielding a +0 dagger.
You enter the shallow water.
Moving in this stuff is going to be slow.
The kobold shouts!
The goblin shouts!
The kobold closely misses you.
You closely miss the goblin. The kobold hits you with a +0 dagger.
The kobold hits you with a +1 short sword of electrocution.
The goblin hits you but does no damage. The kobold closely misses you.
You slash the goblin!
You kill the goblin!
The kobold hits you with a +1 short sword of electrocution.
The kobold misses you. The kobold hits you but does no damage.
You are electrocuted!
Ouch! That really hurt!
* * * LOW HITPOINT WARNING * * *
The kobold attacks as it pursues you! You block the kobold's attack.
The kobold barely misses you.
You hit the kobold but do no damage. The kobold hits you but does no damage.
You block the kobold's attack.
You barely miss the kobold. The kobold hits you with a +0 dagger.
You die...

#....#### #.###...#
###.≈~.~~~≈## #.##..#..
#.~≈~~~.~.~.####.##.###.
#.~~~.~.≈##......#..####
#.~.......~≈######.###..
##...≈~~#♣~~.# #..#...#
#.....≈.≈.≈..#####.#..###
.....♣.≈.≈...........####
......♣~@~~..............
##..#)KK~~..#####.######
#....~♣~.~## ##..#
.........#######..##
.........#........#
..................###
....................#####
.............[....#......
.........################


You could see 2 kobolds.

Vanquished Creatures
  An endoplasm (D:1)
  2 giant cockroaches (D:1)
  A goblin (D:1)
  3 hobgoblins (D:1)
  A kobold (D:1)
  A quokka (D:1)
  A frilled lizard (D:1)
10 creatures vanquished.

Notes
Turn   | Place    | Note
-------+----------+-------------------------------------------
     0 | D:1      | CraigForest the Formicid Fighter began the quest for the
                  | Orb.
     0 | D:1      | Reached XP level 1. HP: 18/18 MP: 1/1
    40 | D:1      | Found Cuexaeco's Distillery.
   276 | D:1      | Reached XP level 2. HP: 24/24 MP: 2/2
   397 | D:1      | HP: 1/24 [kobold/+1 short sword of electrocution (12)]
   400 | D:1      | Slain by a kobold

Illustrated notes

Levels and vault maps discovered:
D:1:      dpeg_arrival_short_road, layout_rooms, serial_shops, shop,
          serial_rivers, chequers_serial_rivers_micro_b,
          chequers_serial_rivers_marsh, chequers_serial_rivers_micro_e,
          chequers_serial_rivers_micro_c, chequers_serial_rivers_marsh,
          nicolae_wormholes

Action                     || total
---------------------------++-------
  Melee: Long sword        ||    25
    Use: Scroll            ||     3
 Armour: Scale mail        ||    23
  Dodge: Dodged            ||    14
  Block: Buckler           ||     7

Table legend: (Time is in decaauts)
 A = Elapsed time spent in this place.
 B = Non-inter-level travel time spent in this place.
 C = Inter-level travel time spent in this place.
 D = Time resting spent in this place.
 E = Time spent auto-exploring this place.
 F = Levels seen in this place.
 G = Mean time per level.
                   A        B        C        D        E       F      G
               +--------+--------+--------+--------+--------+-----+--------+
         Total |    412 |    412 |      0 |      0 |    233 |   1 |  412.0 |
       Dungeon |    412 |    412 |      0 |      0 |    233 |   1 |  412.0 |
               +--------+--------+--------+--------+--------+-----+--------+

Top non-repeatable levels by time:
     D:1: 412 daAuts
